AoeStats
← 711WasAPartTimeJob

Lombardia

509747258Analyzed
4v4 RM · 3d ago on Sep 27, 2026· 55m 54s· 8 players
Game mode
Random Map
Map size
Large (8 player)
Population
200
Speed
Normal
Resources
Standard
Victory
Conquest
Starting age
Dark Age
Ending age
Imperial Age
RankedLock teamsTeams togetherTeam positionsShared explorationLock speedFull tech treeHidden civsTurbo modeCheats
Victory
Defeat
🇨🇳 Romans · China
1069
+16
🇺🇸 Malians · United States
1017
+18
🇺🇸 Italians · United States
1017
+18
🇺🇸 Danes · United States
1007
+18
🇺🇸 Poles · United States
1089
-19
🇩🇰 Hindustanis · Denmark
1087
-33
🇬🇧 Goths · United Kingdom
1032
-16
🇮🇹 Varangians · Italy
1029
-16
erik_k900
0:30 Loom
11:54 Feudal Age
20:33 Castle Age
19:19 Double-Bit Axe
19:16 Horse Collar
19:28 Gold Mining
19:30 Stone Mining
28:40 Imperial Age
28:05 Heavy Plow
28:17 Bow Saw
29:32 Wheelbarrow
28:38 Light Cavalry
31:02 Winged Hussar
32:51 Scale Mail Armor
33:05 Forging
42:01 Crop Rotation
41:41 Padded Archer Armor
41:31 Fletching
41:26 Elite Skirmisher
42:37 Hand Cart
43:44 Leather Archer Armor
43:24 Bodkin Arrow
44:47 Scale Mail Armor
51:49 Pikeman
NoobPwner
0:29 Loom
10:58 Feudal Age
11:52 Double-Bit Axe
18:28 Castle Age
20:15 Wheelbarrow
19:59 Horse Collar
20:18 Stone Mining
20:55 Gold Mining
23:37 Hand Cart
27:17 Imperial Age
30:23 Bow Saw
32:17 Heavy Plow
32:21 Town Watch
33:37 Two-Man Saw
33:44 Masonry
33:55 Ballistics
34:36 Chemistry
33:17 Treadmill Crane
33:51 Masonry
34:02 Ballistics
34:43 Chemistry
33:39 Murder Holes
35:27 Squires
34:47 Pikeman
34:49 Man-at-Arms
35:49 Forging
35:39 Scale Mail Armor
35:59 Anarchy
36:20 Conscription
35:21 Elite Huskarl
37:05 Iron Casting
37:36 Chain Mail Armor
39:50 Blast Furnace
38:42 Fletching
52:39 Crop Rotation
skepticart
11:10 Feudal Age
15:35 Castle Age
13:55 Double-Bit Axe
14:43 Horse Collar
19:36 Bow Saw
20:07 Loom
20:57 Wheelbarrow
20:32 Stone Mining
20:33 Gold Mining
25:03 Stone Shaft Mining
25:07 Gold Shaft Mining
26:17 Heavy Plow
30:58 Imperial Age
28:44 Hand Cart
28:58 Husbandry
29:09 Bloodlines
29:10 Scale Barding Armor
29:15 Forging
29:12 Grand Trunk Road
30:51 Caravan
31:03 Heavy Camel Rider
32:21 Chain Barding Armor
32:37 Iron Casting
34:11 Town Watch
34:35 Shatagni
33:58 Imperial Camel Rider
35:17 Plate Barding Armor
35:42 Blast Furnace
39:30 Town Patrol
41:03 Conscription
41:54 Chemistry
41:00 Siege Engineers
48:11 Light Cavalry
wallacebru
10:31 Loom
11:07 Loom
13:08 Feudal Age
18:15 Castle Age
17:00 Scale Barding Armor
16:56 Scale Mail Armor
17:13 Forging
19:41 Bloodlines
22:15 Iron Casting
25:43 Wheelbarrow
25:26 Double-Bit Axe
26:43 Chain Barding Armor
27:42 Husbandry
32:29 Vendel Legacy
33:54 Bow Saw
40:15 Imperial Age
39:10 Hand Cart
38:38 Horse Collar
38:51 Gold Mining
38:53 Stone Mining
39:07 Scale Mail Armor
41:18 Conscription
42:37 Plate Barding Armor
42:06 Padded Archer Armor
41:56 Fletching
44:24 Stone Shaft Mining
44:59 Two-Man Saw
44:01 Gothikon
48:22 Elite Jarl
49:04 Cavalier
51:21 Elite Jarl
53:04 Light Cavalry
711WasAPartTimeJob
11:13 Feudal Age
14:02 Loom
17:11 Castle Age
16:03 Double-Bit Axe
16:02 Horse Collar
19:35 Bow Saw
19:28 Heavy Plow
24:20 Stone Mining
24:24 Gold Mining
27:12 Wheelbarrow
26:23 Town Watch
30:56 Imperial Age
28:59 Silk Road
29:47 Ballistics
29:22 Fletching
29:32 Padded Archer Armor
29:39 Scale Barding Armor
29:44 Forging
29:37 Husbandry
29:48 Bloodlines
30:49 Masonry
30:45 Bodkin Arrow
31:06 Leather Archer Armor
31:23 Hand Cart
31:09 Town Patrol
30:36 Light Cavalry
31:59 Chain Barding Armor
33:21 Chemistry
32:48 Conscription
32:50 Caravan
33:11 Bracer
32:56 Elite Genoese Crossbowman
34:32 Chain Barding Armor
35:42 Hussar
41:54 Iron Casting
42:18 Plate Barding Armor
44:36 Cavalier
flyfisher303
12:11 Feudal Age
14:21 Wheelbarrow
13:30 Horse Collar
13:39 Double-Bit Axe
18:01 Gold Mining
18:02 Stone Mining
18:09 Stone Mining
22:29 Castle Age
22:19 Arson
23:05 Scale Mail Armor
23:16 Forging
23:34 Caravan
24:17 Hand Cart
28:55 Squires
29:15 Heavy Plow
30:25 Bow Saw
32:15 Iron Casting
31:56 Chain Mail Armor
34:23 Gold Shaft Mining
35:55 Stone Shaft Mining
53:06 Imperial Age
53:58 Elite Gbeto
AceDAce
0:32 Loom
13:43 Feudal Age
15:46 Horse Collar
15:58 Gold Mining
15:58 Stone Mining
20:57 Castle Age
19:14 Double-Bit Axe
21:01 Wheelbarrow
25:46 Caravan
28:10 Hand Cart
29:42 Forging
29:32 Scale Mail Armor
32:22 Iron Casting
32:02 Chain Mail Armor
33:20 Gold Shaft Mining
33:20 Stone Shaft Mining
33:17 Hamask
40:32 Imperial Age
38:45 Fletching
40:52 Bodkin Arrow
43:44 Imperial Age
42:55 Squires
44:53 Thumb Ring
48:30 Imperial Age
48:42 Bow Saw
48:44 Arson
48:54 Elite Jomsviking
51:27 Chemistry
50:49 Ballistics
52:01 Blast Furnace
51:31 Plate Mail Armor
53:16 Conscription
52:34 Elite Varangian Guard
54:02 Heavy Plow
55:12 Heavy Mounted Crossbowman
55:41 Cranequins
king vitt
0:28 Loom
15:45 Feudal Age
17:09 Wheelbarrow
16:23 Double-Bit Axe
16:21 Horse Collar
22:17 Castle Age
20:15 Stone Mining
20:51 Gold Mining
23:22 Hand Cart
23:21 Bow Saw
23:13 Heavy Plow
27:33 Gold Shaft Mining
31:02 Fortified Wall
31:21 Squires
30:45 Man-at-Arms
31:29 Scale Mail Armor
31:40 Forging
33:54 Ballistas
33:17 Long Swordsman
36:34 Imperial Age
34:22 Chain Mail Armor
34:52 Town Watch
35:51 Iron Casting
35:19 Pikeman
36:50 Town Patrol
38:17 Chemistry
37:39 Ballistics
37:25 Siege Engineers
36:59 Halberdier
37:01 Legionary
39:33 Blast Furnace
38:22 Heavy Scorpion
39:25 Comitatenses
39:26 Conscription
Connection lost

Rejoining the realm…

Still unreachable

The connection could not be restored.

Session expired

The server has moved on; the page needs a fresh start.